AoeStats
← erickcisneros1990

Migration

507520745Analyzed
1v1 RM · 14d ago on Sep 18, 2026· 35m 23s· 2 players
Game mode
Random Map
Map size
132×132
Population
200
Speed
Normal
Resources
Standard
Victory
Conquest
Starting age
Dark Age
Ending age
Imperial Age
RankedLock teamsTeams togetherTeam positionsShared explorationLock speedFull tech treeHidden civsTurbo modeCheats
Victory
Defeat
🇹🇷 Japanese · Türkiye
817
+29
🇲🇽 Vikings · Mexico
807
-16
erickcisneros1990
6:50 Loom
13:58 Feudal Age
14:38 Fishing Lines
14:56 Double-Bit Axe
16:19 Town Watch
16:57 Gold Mining
21:04 Castle Age
19:03 Fletching
21:05 Padded Archer Armor
24:14 Bodkin Arrow
25:46 Stone Mining
27:19 Bow Saw
28:36 Ballistics
28:33 Leather Archer Armor
33:47 Gillnets
36:45 Imperial Age
34:18 Town Patrol
Mea
10:38 Feudal Age
11:33 Double-Bit Axe
12:51 Horse Collar
17:20 Castle Age
15:16 Fishing Lines
17:12 Scale Mail Armor
19:02 Wheelbarrow
18:41 Bow Saw
18:33 Heavy Plow
19:12 Squires
22:42 Medium Warships
22:23 Gillnets
23:01 Hand Cart
25:31 Chain Mail Armor
27:32 Clinker Construction
27:32 Careening
28:40 Gold Mining
28:43 Stone Mining
31:26 Imperial Age
32:33 Heavy Warships
34:17 Conscription
35:06 Carvel Hull
Connection lost

Rejoining the realm…

Still unreachable

The connection could not be restored.

Session expired

The server has moved on; the page needs a fresh start.